Binghampton Senators vs Lowell Devils

Created - 14 décembre 2020 at 12:11

Goals
1 2 3 OT1 SO T
Binghampton Senators 1 2 1 0 0 4
Lowell Devils 2 2 0 0 1 5
Shots
1 2 3 OT1 SO T
Binghampton Senators 5 20 13 0 4 38
Lowell Devils 17 14 6 1 4 38

1st period

1. Binghampton Senators , Vinni Lettieri 8 (Trevor Carrick 5, Connor Dewar 5) at 8:24
2. Lowell Devils , Matthew Phillips 6 (Simon Holmstrom 2, Cooper Marody 3) at 18:12
3. Lowell Devils , Brogan Rafferty 1 (Jack Hughes 12, Carl Grundstrom 11) at 18:22 (PP)

Penalties :
Lane Pederson (SEN) for Interference (Minor) at 13:58, Trevor Carrick (SEN) for Cross-checking (Minor) at 18:15

2nd period

4. Lowell Devils , Carl Grundstrom 11 (Jack Hughes 13) at 1:21 (PP)
5. Binghampton Senators , Vinni Lettieri 9 (Eric Robinson 17, Jake Bischoff 2) at 4:56
6. Binghampton Senators , Vinni Lettieri 10 (Kevin Porter 10, Tobias Bjornfot 8) at 16:23 (PP)
7. Lowell Devils , Morgan Geekie 7 (Cal O'Reilly 5, Vitaly Abramov 9) at 18:30

Penalties :
Lane Pederson (SEN) for High sticking (Minor) at 0:40, Oliver Wahlstrom (DEV) for Holding (Minor) at 2:03, Vinni Lettieri (SEN) for Holding (Minor) at 5:09, Vinni Lettieri (SEN) for Hooking (Minor) at 11:07, Cooper Marody (DEV) for Slashing (Minor) at 16:06, Wiley Sherman (SEN) for Elbowing (Minor) at 19:50

3rd period

8. Binghampton Senators , Connor Dewar 6 (Tobias Bjornfot 9, Cory Schneider) at 10:35 (PP)

Penalties :
Vitaly Abramov (DEV) for Fighting (Major) at 6:12, Justin Kirkland (SEN) for Fighting (Major) at 6:12, Morgan Geekie (DEV) for Roughing (Minor) at 9:18, Gustav Forsling (DEV) for Roughing (Minor) at 12:40

Overtime #1

No Goal

Penalties :
No Penalty

Shootout

Binghampton Senators, Vinni Lettieri - Stopped by Igor Shesterkin
Lowell Devils, Jack Hughes - Stopped by Cory Schneider
Binghampton Senators, Lane Pederson - Stopped by Igor Shesterkin
Lowell Devils, Steven Fogarty - Stopped by Cory Schneider
Binghampton Senators, Kevin Porter - Stopped by Igor Shesterkin
Lowell Devils, Morgan Geekie - Stopped by Cory Schneider
Binghampton Senators, Eric Robinson - Shot Misses the Net
Lowell Devils, Nikolay Prokhorkin - Goal!

Penalties :
No Penalty

Goalie Stats

Cory Schneider (SEN), 34 saves from 38 shots - (0,895), OTL, 1-0-1, 65:00 minutes
Igor Shesterkin (DEV), 34 saves from 38 shots - (0,895), W, 9-3-0, 65:00 minutes

Players Stats for Binghampton Senators

Player Name              G  A  P  +/- PIM S  H  SB GA TA FO     MP     PP MP  PK MP  
------------------------------------------------------------------------------------
Anthony Greco            0  0  0  -1  0   3  0  0  0  1  0/0    15:59   2:39   0:00 
Beck Malenstyn           0  0  0   0  0   0  0  0  0  0  0/0     7:19   0:00   0:00 
Ben Jones                0  0  0   0  0   0  1  0  0  0  0/0     6:43   0:04   0:19 
Brandon Gignac           0  0  0   0  0   0  1  0  0  0  2/5     7:13   0:00   0:00 
Connor Dewar             1  1  2   0  0   2  1  0  0  0  0/1     9:25   0:43   2:25 
Dylan Coghlan            0  0  0  -2  0   0  0  0  0  0  0/0    12:25   0:00   0:00 
Eric Robinson            0  1  1   1  0   4  3  0  1  0  0/1    21:21   2:46   1:41 
Jake Bischoff            0  1  1   1  0   3  0  0  0  0  0/0    22:26   2:26   3:24 
Jansen Harkins           0  0  0   0  0   1  0  0  0  0  0/4    13:35   0:00   3:55 
Jonah Gadjovich          0  0  0   0  0   3  2  0  0  1  0/0     7:13   0:00   0:00 
Justin Kirkland          0  0  0  -1  5   1  0  1  1  1  0/2    14:36   2:13   0:00 
Kevin Porter             0  1  1   1  0   2  1  1  2  1  0/3    23:26   2:49   3:10 
Lane Pederson            0  0  0  -1  4   6  2  1  1  1  9/15   25:58   2:33   3:12 
Roland McKeown           0  0  0   1  0   0  3  0  1  0  0/0    22:41   2:26   3:31 
Tobias Bjornfot          0  2  2   1  0   1  2  0  0  1  0/0    30:22   3:06   5:20 
Trevor Carrick           0  1  1   1  2   0  1  4  0  1  0/0    30:19   3:06   5:13 
Vinni Lettieri           3  0  3   1  4   12 1  1  1  1  16/32  27:30   2:49   2:46 
Wiley Sherman            0  0  0  -2  2   0  0  0  0  0  0/0    12:38   0:00   0:00 

Players Stats for Lowell Devils

Player Name              G  A  P  +/- PIM S  H  SB GA TA FO     MP     PP MP  PK MP  
------------------------------------------------------------------------------------
Brogan Rafferty          1  0  1  -2  0   3  3  1  1  1  0/0    30:06   5:36   3:02 
Cal O'Reilly             0  1  1   0  0   4  2  0  0  0  0/0    16:19   3:53   0:00 
Carl Grundstrom          1  1  2   0  0   4  0  0  2  0  1/1    18:32   4:51   0:00 
Cooper Marody            0  1  1   1  2   5  0  0  1  0  0/0     8:16   0:00   0:00 
Evan Bouchard            0  0  0   0  0   1  0  1  0  1  0/0    22:11   3:08   2:30 
Grant Hutton             0  0  0   0  0   2  3  0  0  1  0/0    22:11   3:08   2:30 
Gustav Forsling          0  0  0  -2  2   1  2  2  0  1  0/0    29:09   5:36   2:01 
Jack Hughes              0  2  2   0  0   0  2  1  0  0  22/40  24:27   4:51   3:50 
Kyle Capobianco          0  0  0   2  0   0  1  0  0  1  0/0    13:43   0:00   1:01 
Matthew Phillips         1  0  1   1  0   3  3  0  1  0  3/3     9:59   0:00   0:30 
Morgan Geekie            1  0  1   0  2   6  1  0  0  0  8/14   18:33   3:53   1:12 
Nikolay Prokhorkin       0  0  0  -1  0   1  2  0  0  0  2/3    13:53   0:00   1:22 
Oliver Wahlstrom         0  0  0  -1  2   3  6  0  1  0  0/0    12:41   0:00   0:00 
Rudolfs Balcers          0  0  0  -1  0   1  2  0  0  0  0/0    14:02   0:00   0:20 
Simon Holmstrom          0  1  1   1  0   0  1  0  0  0  0/0     8:17   0:00   0:00 
Steven Fogarty           0  0  0   0  0   3  1  0  0  0  0/1    24:21   4:51   3:50 
Vitaly Abramov           0  1  1   0  5   1  0  1  2  2  0/1    15:00   3:53   0:00 
Zach Whitecloud          0  0  0   2  0   0  0  0  0  0  0/0    12:43   0:00   0:00 

3 Stars

1 - Vinni Lettieri (SEN)
2 - Matthew Phillips (DEV)
3 - Carl Grundstrom (DEV)

Power Play

Binghampton Senators - 2 on 4 Attempt(s) - 50,00%
Lowell Devils - 2 on 6 Attempt(s) - 33,33%

Penalty Kill

Binghampton Senators - 4 on 6 Attempt(s) - 66,67% - Score 0 goal in Penalty Kill
Lowell Devils - 2 on 4 Attempt(s) - 50,00% - Score 0 goal in Penalty Kill

Team Stat

Binghampton Senators - Hits : 18 - Faceoff Wins : 27 - Blocked Shots : 8 - Penalty Minutes : 17
Lowell Devils - Hits : 29 - Faceoff Wins : 36 - Blocked Shots : 6 - Penalty Minutes : 13

Official

Referees : Gord Dwyer and Chris Rooney
Linesman : Shaun Morgan and Steven Berry

Game Notes

Vinni Lettieri has scored a Hat Trick!
Vitaly Abramov and Justin Kirkland fight to a draw at 6:12 of 3rd period

Finance

Level 1 -- Attendance: 1675 (83,75%) -- Ticket Income 58 625 $
Level 2 -- Attendance: 851 (85,10%) -- Ticket Income 12 765 $
Total Attendance: 2526 (84,20%)
Total Ticket Income: 71 390 $
Other Income: 34 981 $
Total Income: 106 371 $

Binghampton Senators

5 vs 5 Forward 
   Center                   Left Wing                Right Wing               Time % Phy DF OF 
 1 Vinni Lettieri           Kevin Porter             Eric Robinson            40     1   2  2  
 2 Lane Pederson            Anthony Greco            Justin Kirkland          30     1   2  2  
 3 Jansen Harkins           Beck Malenstyn           Vinni Lettieri           20     1   2  2  
 4 Brandon Gignac           Jonah Gadjovich          Lane Pederson            10     1   2  2  

5 vs 5 Defense 
   Defense                  Defense                                           Time % Phy DF OF 
 1 Tobias Bjornfot          Trevor Carrick                                    40     1   2  2  
 2 Roland McKeown           Jake Bischoff                                     30     1   2  2  
 3 Wiley Sherman            Dylan Coghlan                                     20     1   2  2  
 4 Tobias Bjornfot          Trevor Carrick                                    10     1   2  2  

PowerPlay Forward 
   Center                   Left Wing                Right Wing               Time % Phy DF OF 
 1 Vinni Lettieri           Kevin Porter             Eric Robinson            60     1   2  2  
 2 Lane Pederson            Anthony Greco            Justin Kirkland          40     1   2  2  

PowerPlay Defense
   Defense                  Defense                                           Time % Phy DF OF 
 1 Tobias Bjornfot          Trevor Carrick                                    60     1   2  2  
 2 Roland McKeown           Jake Bischoff                                     40     1   2  2  

Penalty Kill 4 Players Forward 
   Center                   Wing                     Time % Phy DF OF 
 1 Vinni Lettieri           Lane Pederson            60     1   2  2  
 2 Kevin Porter             Eric Robinson            40     1   2  2  

Penalty Kill 4 Players Defense
   Defense                  Defense                  Time % Phy DF OF 
 1 Tobias Bjornfot          Trevor Carrick           60     1   2  2  
 2 Roland McKeown           Jake Bischoff            40     1   2  2  

Penalty Kill - 3 Players Forward 
   Forward                                           Time % Phy DF OF 
 1 Vinni Lettieri                                    60     1   2  2  
 2 Lane Pederson                                     40     1   2  2  

Penalty Kill - 3 Players Defense
   Defense                  Defense                  Time % Phy DF OF 
 1 Tobias Bjornfot          Trevor Carrick           60     1   2  2  
 2 Roland McKeown           Jake Bischoff            40     1   2  2  

4 vs 4 Forward 
   Center                   Wing                     Time % Phy DF OF 
 1 Vinni Lettieri           Lane Pederson            60     1   2  2  
 2 Kevin Porter             Eric Robinson            40     1   2  2  

4 vs 4 Defense
   Defense                  Defense                  Time % Phy DF OF 
 1 Tobias Bjornfot          Trevor Carrick           60     1   2  2  
 2 Roland McKeown           Jake Bischoff            40     1   2  2  

Last Minutes Offensive
   Center                   Left Wing                Right Wing               Defense                  Defense                  
   Vinni Lettieri           Kevin Porter             Eric Robinson            Tobias Bjornfot          Trevor Carrick           

Last Minutes Defensive
   Center                   Left Wing                Right Wing               Defense                  Defense                  
   Vinni Lettieri           Kevin Porter             Eric Robinson            Tobias Bjornfot          Trevor Carrick           

Goaltenders
Starting : Cory Schneider           
Backup : Unknown Goalie           

Extra Forwards
Normal : Connor Dewar, Ben Jones, Jansen Harkins - PP : Connor Dewar, Ben Jones - PK : Jansen Harkins
Extra Defensemen
Normal : Wiley Sherman, Dylan Coghlan, Roland McKeown - PP : Wiley Sherman - PK : Dylan Coghlan, Roland McKeown
Penalty Shots
Vinni Lettieri, Lane Pederson, Kevin Porter, Eric Robinson, Anthony Greco

Scratches
Gabriel Fontaine (Healthy), Mark Friedman (Healthy), Mitch Eliot (Healthy), Matteo Gennaro (Healthy), David Quenneville (Healthy)
Jake Massie (Healthy), Keegan Kanzig (Healthy), Joseph Cecconi (Healthy), Jon Gillies (Healthy)

Lowell Devils

5 vs 5 Forward 
   Center                   Left Wing                Right Wing               Time % Phy DF OF 
 1 Jack Hughes              Carl Grundstrom          Steven Fogarty           40     1   2  2  
 2 Morgan Geekie            Vitaly Abramov           Cal O'Reilly             30     1   2  2  
 3 Nikolay Prokhorkin       Rudolfs Balcers          Oliver Wahlstrom         20     1   2  2  
 4 Matthew Phillips         Cooper Marody            Simon Holmstrom          10     1   2  2  

5 vs 5 Defense 
   Defense                  Defense                                           Time % Phy DF OF 
 1 Gustav Forsling          Brogan Rafferty                                   40     1   2  2  
 2 Evan Bouchard            Grant Hutton                                      30     1   2  2  
 3 Zach Whitecloud          Kyle Capobianco                                   20     1   2  2  
 4 Gustav Forsling          Brogan Rafferty                                   10     1   2  2  

PowerPlay Forward 
   Center                   Left Wing                Right Wing               Time % Phy DF OF 
 1 Jack Hughes              Carl Grundstrom          Steven Fogarty           60     1   2  2  
 2 Morgan Geekie            Vitaly Abramov           Cal O'Reilly             40     1   2  2  

PowerPlay Defense
   Defense                  Defense                                           Time % Phy DF OF 
 1 Gustav Forsling          Brogan Rafferty                                   60     1   2  2  
 2 Evan Bouchard            Grant Hutton                                      40     1   2  2  

Penalty Kill 4 Players Forward 
   Center                   Wing                     Time % Phy DF OF 
 1 Jack Hughes              Steven Fogarty           60     1   2  2  
 2 Morgan Geekie            Nikolay Prokhorkin       40     1   2  2  

Penalty Kill 4 Players Defense
   Defense                  Defense                  Time % Phy DF OF 
 1 Gustav Forsling          Brogan Rafferty          60     1   2  2  
 2 Evan Bouchard            Grant Hutton             40     1   2  2  

Penalty Kill - 3 Players Forward 
   Forward                                           Time % Phy DF OF 
 1 Jack Hughes                                       60     1   2  2  
 2 Steven Fogarty                                    40     1   2  2  

Penalty Kill - 3 Players Defense
   Defense                  Defense                  Time % Phy DF OF 
 1 Gustav Forsling          Brogan Rafferty          60     1   2  2  
 2 Evan Bouchard            Grant Hutton             40     1   2  2  

4 vs 4 Forward 
   Center                   Wing                     Time % Phy DF OF 
 1 Jack Hughes              Steven Fogarty           60     1   2  2  
 2 Morgan Geekie            Nikolay Prokhorkin       40     1   2  2  

4 vs 4 Defense
   Defense                  Defense                  Time % Phy DF OF 
 1 Gustav Forsling          Brogan Rafferty          60     1   2  2  
 2 Evan Bouchard            Grant Hutton             40     1   2  2  

Last Minutes Offensive
   Center                   Left Wing                Right Wing               Defense                  Defense                  
   Jack Hughes              Carl Grundstrom          Steven Fogarty           Gustav Forsling          Brogan Rafferty          

Last Minutes Defensive
   Center                   Left Wing                Right Wing               Defense                  Defense                  
   Jack Hughes              Carl Grundstrom          Steven Fogarty           Gustav Forsling          Brogan Rafferty          

Goaltenders
Starting : Igor Shesterkin          
Backup : Zach Sawchenko           

Extra Forwards
Normal : Rudolfs Balcers, Oliver Wahlstrom, Matthew Phillips - PP : Rudolfs Balcers, Oliver Wahlstrom - PK : Matthew Phillips
Extra Defensemen
Normal : Zach Whitecloud, Kyle Capobianco, Evan Bouchard - PP : Zach Whitecloud - PK : Kyle Capobianco, Evan Bouchard
Penalty Shots
Jack Hughes, Steven Fogarty, Morgan Geekie, Nikolay Prokhorkin, Cal O'Reilly

Scratches
Nicolas Beaudin (Healthy), Sheldon Rempal (Healthy), Daniel Brickley (Healthy), Ivan Chekhovich (Healthy), Cliff Pu (Healthy)
Mac Hollowell (Healthy), Luke Green (Healthy)

% Time on Ice - Binghampton Senators

Lines # - Real PCT - Wanted PCT - Time Play
Normal Forward
1 - 31% - 40% - 14:24
2 - 37% - 30% - 17:07
3 - 15% - 20% - 7:00
4 - 16% - 10% - 7:13
Normal Defense
1 - 40% - 40% - 18:13
2 - 33% - 30% - 15:02
3 - 24% - 20% - 10:47
4 - 4% - 10% - 1:42
PP Forward
1 - 51% - 60% - 2:49
2 - 49% - 40% - 2:43
PP Defense
1 - 56% - 60% - 3:06
2 - 44% - 40% - 2:26
PK Forward
1 - 85% - 60% - 7:24
2 - 15% - 40% - 1:20
PK Defense
1 - 61% - 60% - 5:20
2 - 39% - 40% - 3:24
PK3 Forward
1 - 0% - 60%
2 - 0% - 40%
PK3 Defense
1 - 0% - 60%
2 - 0% - 40%
44 Forward
1 - 76% - 60% - 3:49
2 - 24% - 40% - 1:11
44 Defense
1 - 51% - 60% - 2:33
2 - 49% - 40% - 2:27
Last Minute Offensive  - 0:00
Last Minute Defensive  - 0:00
Total
Forward - 65:00
Defense - 65:00

% Time on Ice - Lowell Devils

Lines # - Real PCT - Wanted PCT - Time Play
Normal Forward
1 - 30% - 40% - 13:45
2 - 27% - 30% - 12:29
3 - 25% - 20% - 11:13
4 - 18% - 10% - 8:17
Normal Defense
1 - 39% - 40% - 17:53
2 - 32% - 30% - 14:42
3 - 25% - 20% - 11:24
4 - 4% - 10% - 1:45
PP Forward
1 - 56% - 60% - 4:51
2 - 44% - 40% - 3:53
PP Defense
1 - 64% - 60% - 5:36
2 - 36% - 40% - 3:08
PK Forward
1 - 75% - 60% - 4:10
2 - 25% - 40% - 1:22
PK Defense
1 - 55% - 60% - 3:02
2 - 45% - 40% - 2:30
PK3 Forward
1 - 0% - 60%
2 - 0% - 40%
PK3 Defense
1 - 0% - 60%
2 - 0% - 40%
44 Forward
1 - 75% - 60% - 3:45
2 - 25% - 40% - 1:15
44 Defense
1 - 63% - 60% - 3:09
2 - 37% - 40% - 1:51
Last Minute Offensive  - 0:00
Last Minute Defensive  - 0:00
Total
Forward - 65:00
Defense - 65:00

Play-by-Play

1st period


0:01 of 1st period - Jack Hughes wins face-off versus Kevin Porter in neutral zone.
0:28 of 1st period - Lane Pederson is hit by Gustav Forsling and loses puck.
0:56 of 1st period - Snap shot by Oliver Wahlstrom.
0:56 of 1st period - Stopped by Cory Schneider with a rebound.
0:58 of 1st period - Slapshot by Gustav Forsling.
0:58 of 1st period - Stopped by Cory Schneider without a rebound.
0:59 of 1st period - Matthew Phillips wins face-off versus Brandon Gignac in Binghampton Senators zone.
2:38 of 1st period - Wrist shot by Jack Hughes.
2:38 of 1st period - Deflect By Steven Fogarty.
2:38 of 1st period - Shot Misses the Net.
2:38 of 1st period - Puck is out of play.
2:39 of 1st period - Jack Hughes wins face-off versus Brandon Gignac in Binghampton Senators zone.
2:58 of 1st period - Zach Whitecloud is hit by Jonah Gadjovich and loses puck.
3:23 of 1st period - Snap shot by Steven Fogarty.
3:23 of 1st period - Stopped by Cory Schneider with a rebound.
3:25 of 1st period - Slapshot by Kyle Capobianco.
3:25 of 1st period - Deflect By Jack Hughes.
3:25 of 1st period - Shot Misses the Net.
3:25 of 1st period - Puck is out of play.
3:26 of 1st period - Vinni Lettieri wins face-off versus Vitaly Abramov in Binghampton Senators zone.
3:35 of 1st period - Slapshot by Morgan Geekie.
3:35 of 1st period - Stopped by Cory Schneider with a rebound.
3:37 of 1st period - Snap shot by Morgan Geekie.
3:37 of 1st period - Stopped by Cory Schneider without a rebound.
3:38 of 1st period - Vinni Lettieri wins face-off versus Nikolay Prokhorkin in Binghampton Senators zone.
3:49 of 1st period - Wrist shot by Vinni Lettieri.
3:49 of 1st period - Shot Misses the Net.
3:51 of 1st period - Slapshot by Trevor Carrick.
3:51 of 1st period - Deflect By Vinni Lettieri.
3:51 of 1st period - Stopped by Igor Shesterkin without a rebound.
3:52 of 1st period - Morgan Geekie wins face-off versus Jansen Harkins in Lowell Devils zone.
4:26 of 1st period - Wrist shot by Lane Pederson.
4:26 of 1st period - Shot Misses the Net.
5:32 of 1st period - Jake Bischoff is hit by Steven Fogarty and loses puck.
5:43 of 1st period - Wrist shot by Jack Hughes.
5:43 of 1st period - Shot Misses the Net.
6:22 of 1st period - Wrist shot by Nikolay Prokhorkin.
6:22 of 1st period - Shot Misses the Net.
6:42 of 1st period - Snap shot by Jonah Gadjovich.
6:42 of 1st period - Stopped by Igor Shesterkin with a rebound.
7:34 of 1st period - Slapshot by Lane Pederson.
7:34 of 1st period - Shot Blocked by Vitaly Abramov.
8:24 of 1st period - Wrist shot by Vinni Lettieri.
8:24 of 1st period - Goal by Vinni Lettieri - Binghampton Senators : 1 - Lowell Devils : 0.
8:25 of 1st period - Jack Hughes wins face-off versus Justin Kirkland in neutral zone.
8:43 of 1st period - Lane Pederson is hit by Brogan Rafferty and loses puck.
9:18 of 1st period - Vinni Lettieri is hit by Brogan Rafferty and loses puck.
10:03 of 1st period - Snap shot by Carl Grundstrom.
10:03 of 1st period - Shot Blocked by Trevor Carrick.
10:05 of 1st period - Backhand shot by Kyle Capobianco.
10:05 of 1st period - Shot Misses the Net.
10:07 of 1st period - Slapshot by Carl Grundstrom.
10:07 of 1st period - Shot Misses the Net.
10:09 of 1st period - Slapshot by Kyle Capobianco.
10:09 of 1st period - Shot Misses the Net.
10:32 of 1st period - Off-side.
10:33 of 1st period - Nikolay Prokhorkin wins face-off versus Jansen Harkins in neutral zone.
10:44 of 1st period - Snap shot by Rudolfs Balcers.
10:44 of 1st period - Stopped by Cory Schneider with a rebound.
11:06 of 1st period - Wrist shot by Nikolay Prokhorkin.
11:06 of 1st period - Shot Blocked by Vinni Lettieri.
11:08 of 1st period - Snap shot by Oliver Wahlstrom.
11:08 of 1st period - Shot Misses the Net.
11:10 of 1st period - Wrist shot by Nikolay Prokhorkin.
11:10 of 1st period - Stopped by Cory Schneider with a rebound.
11:12 of 1st period - Snap shot by Nikolay Prokhorkin.
11:12 of 1st period - Shot Misses the Net.
11:14 of 1st period - Wrist shot by Rudolfs Balcers.
11:14 of 1st period - Shot Blocked by Kevin Porter.
11:16 of 1st period - Wrist shot by Oliver Wahlstrom.
11:16 of 1st period - Stopped by Cory Schneider with a rebound.
11:18 of 1st period - Slapshot by Grant Hutton.
11:18 of 1st period - Stopped by Cory Schneider without a rebound.
11:19 of 1st period - Lane Pederson wins face-off versus Jack Hughes in Binghampton Senators zone.
11:26 of 1st period - Wrist shot by Jack Hughes.
11:26 of 1st period - Shot Misses the Net.
11:28 of 1st period - Slapshot by Steven Fogarty.
11:28 of 1st period - Stopped by Cory Schneider with a rebound.
11:30 of 1st period - Wrist shot by Carl Grundstrom.
11:30 of 1st period - Stopped by Cory Schneider without a rebound.
11:31 of 1st period - Jack Hughes wins face-off versus Lane Pederson in Binghampton Senators zone.
11:32 of 1st period - Wrist shot by Carl Grundstrom.
11:32 of 1st period - Stopped by Cory Schneider with a rebound.
11:34 of 1st period - Slapshot by Steven Fogarty.
11:34 of 1st period - Deflect By Jack Hughes.
11:34 of 1st period - Shot Misses the Net.
11:34 of 1st period - Puck is out of play.
11:35 of 1st period - Lane Pederson wins face-off versus Jack Hughes in Binghampton Senators zone.
12:00 of 1st period - Snap shot by Eric Robinson.
12:00 of 1st period - Stopped by Igor Shesterkin with a rebound.
12:14 of 1st period - Snap shot by Steven Fogarty.
12:14 of 1st period - Stopped by Cory Schneider without a rebound.
12:15 of 1st period - Morgan Geekie wins face-off versus Justin Kirkland in Binghampton Senators zone.
12:45 of 1st period - Wrist shot by Cooper Marody.
12:45 of 1st period - Stopped by Cory Schneider without a rebound.
12:46 of 1st period - Morgan Geekie wins face-off versus Vinni Lettieri in Binghampton Senators zone.
13:40 of 1st period - Off-side.
13:41 of 1st period - Brandon Gignac wins face-off versus Morgan Geekie in neutral zone.
13:58 of 1st period - Minor Penalty to Lane Pederson for Interference.
13:59 of 1st period - Vinni Lettieri wins face-off versus Jack Hughes in Binghampton Senators zone.
14:09 of 1st period - Snap shot by Vinni Lettieri.
14:09 of 1st period - Stopped by Igor Shesterkin with a rebound.
15:58 of 1st period - Penalty to Lane Pederson is over, Lane Pederson is back on ice.
16:11 of 1st period - Roland McKeown is hit by Grant Hutton.
16:50 of 1st period - Vinni Lettieri is hit by Simon Holmstrom and loses puck.
17:03 of 1st period - Wiley Sherman is hit by Matthew Phillips and loses puck.
17:20 of 1st period - Snap shot by Cooper Marody.
17:20 of 1st period - Stopped by Cory Schneider with a rebound.
17:22 of 1st period - Snap shot by Simon Holmstrom.
17:22 of 1st period - Shot Blocked by Justin Kirkland.
17:54 of 1st period - Wrist shot by Cooper Marody.
17:54 of 1st period - Shot Misses the Net.
18:10 of 1st period - Wrist shot by Matthew Phillips.
18:10 of 1st period - Shot Misses the Net.
18:12 of 1st period - Snap shot by Matthew Phillips.
18:12 of 1st period - Goal by Matthew Phillips - Binghampton Senators : 1 - Lowell Devils : 1.
18:13 of 1st period - Vinni Lettieri wins face-off versus Jack Hughes in neutral zone.
18:15 of 1st period - Minor Penalty to Trevor Carrick for Cross-checking.
18:16 of 1st period - Jack Hughes wins face-off versus Kevin Porter in Binghampton Senators zone.
18:20 of 1st period - Wrist shot by Jack Hughes.
18:20 of 1st period - Shot Misses the Net.
18:22 of 1st period - Slapshot by Brogan Rafferty.
18:22 of 1st period - Goal by Brogan Rafferty - Binghampton Senators : 1 - Lowell Devils : 2.
18:23 of 1st period - Jack Hughes wins face-off versus Vinni Lettieri in neutral zone.
18:26 of 1st period - Snap shot by Jack Hughes.
18:26 of 1st period - Shot Misses the Net.
18:49 of 1st period - Vitaly Abramov is hit by Tobias Bjornfot and loses puck.
Goals for this period are 1 for Binghampton Senators vs 2 for Lowell Devils.
Shots for this period are 5 for Binghampton Senators vs 17 for Lowell Devils.

2nd period


0:01 of 2nd period - Jack Hughes wins face-off versus Vinni Lettieri in neutral zone.
0:16 of 2nd period - Gustav Forsling is hit by Kevin Porter and loses puck.
0:29 of 2nd period - Wrist shot by Cal O'Reilly.
0:29 of 2nd period - Stopped by Cory Schneider without a rebound.
0:30 of 2nd period - Lane Pederson wins face-off versus Morgan Geekie in Binghampton Senators zone.
0:40 of 2nd period - Minor Penalty to Lane Pederson for High sticking.
0:41 of 2nd period - Jack Hughes wins face-off versus Vinni Lettieri in Binghampton Senators zone.
1:11 of 2nd period - Snap shot by Vitaly Abramov.
1:11 of 2nd period - Shot Blocked by Trevor Carrick.
1:13 of 2nd period - Wrist shot by Vitaly Abramov.
1:13 of 2nd period - Deflect By Morgan Geekie.
1:13 of 2nd period - Shot Blocked by Trevor Carrick.
1:13 of 2nd period - Puck is out of play.
1:14 of 2nd period - Carl Grundstrom wins face-off versus Vinni Lettieri in Binghampton Senators zone.
1:21 of 2nd period - Snap shot by Carl Grundstrom.
1:21 of 2nd period - Goal by Carl Grundstrom - Binghampton Senators : 1 - Lowell Devils : 3.
1:22 of 2nd period - Jack Hughes wins face-off versus Vinni Lettieri in neutral zone.
1:58 of 2nd period - Snap shot by Nikolay Prokhorkin.
1:58 of 2nd period - Shot Misses the Net.
2:03 of 2nd period - Minor Penalty to Oliver Wahlstrom for Holding.
2:04 of 2nd period - Lane Pederson wins face-off versus Jack Hughes in Lowell Devils zone.
2:12 of 2nd period - Wrist shot by Anthony Greco.
2:12 of 2nd period - Shot Misses the Net.
2:16 of 2nd period - Snap shot by Lane Pederson.
2:16 of 2nd period - Stopped by Igor Shesterkin with a rebound.
2:20 of 2nd period - Wrist shot by Anthony Greco.
2:20 of 2nd period - Stopped by Igor Shesterkin without a rebound.
2:21 of 2nd period - Vinni Lettieri wins face-off versus Jack Hughes in Lowell Devils zone.
2:52 of 2nd period - Backhand shot by Lane Pederson.
2:52 of 2nd period - Stopped by Igor Shesterkin with a rebound.
2:54 of 2nd period - Slapshot by Tobias Bjornfot.
2:54 of 2nd period - Shot Misses the Net.
2:56 of 2nd period - Snap shot by Trevor Carrick.
2:56 of 2nd period - Shot Misses the Net.
2:58 of 2nd period - Snap shot by Justin Kirkland.
2:58 of 2nd period - Stopped by Igor Shesterkin without a rebound.
2:59 of 2nd period - Lane Pederson wins face-off versus Morgan Geekie in Lowell Devils zone.
3:02 of 2nd period - Snap shot by Anthony Greco.
3:02 of 2nd period - Stopped by Igor Shesterkin with a rebound.
3:04 of 2nd period - Slapshot by Justin Kirkland.
3:04 of 2nd period - Shot Blocked by Gustav Forsling.
3:06 of 2nd period - Slapshot by Jake Bischoff.
3:06 of 2nd period - Shot Blocked by Gustav Forsling.
3:08 of 2nd period - Snap shot by Lane Pederson.
3:08 of 2nd period - Stopped by Igor Shesterkin with a rebound.
3:45 of 2nd period - Wrist shot by Lane Pederson.
3:45 of 2nd period - Stopped by Igor Shesterkin without a rebound.
3:46 of 2nd period - Jack Hughes wins face-off versus Lane Pederson in Lowell Devils zone.
4:01 of 2nd period - Snap shot by Nikolay Prokhorkin.
4:01 of 2nd period - Shot Misses the Net.
4:03 of 2nd period - Penalty to Oliver Wahlstrom is over, Oliver Wahlstrom is back on ice.
4:03 of 2nd period - Slapshot by Grant Hutton.
4:03 of 2nd period - Stopped by Cory Schneider with a rebound.
4:05 of 2nd period - Wrist shot by Morgan Geekie.
4:05 of 2nd period - Stopped by Cory Schneider without a rebound.
4:06 of 2nd period - Morgan Geekie wins face-off versus Vinni Lettieri in Binghampton Senators zone.
4:20 of 2nd period - Snap shot by Morgan Geekie.
4:20 of 2nd period - Stopped by Cory Schneider without a rebound.
4:21 of 2nd period - Lane Pederson wins face-off versus Jack Hughes in Binghampton Senators zone.
4:21 of 2nd period - Lane Pederson is hit by Brogan Rafferty.
4:54 of 2nd period - Wrist shot by Vinni Lettieri.
4:54 of 2nd period - Stopped by Igor Shesterkin with a rebound.
4:56 of 2nd period - Snap shot by Vinni Lettieri.
4:56 of 2nd period - Goal by Vinni Lettieri - Binghampton Senators : 2 - Lowell Devils : 3.
4:57 of 2nd period - Vinni Lettieri wins face-off versus Jack Hughes in neutral zone.
5:09 of 2nd period - Minor Penalty to Vinni Lettieri for Holding.
5:10 of 2nd period - Jack Hughes wins face-off versus Jansen Harkins in Binghampton Senators zone.
6:11 of 2nd period - Icing by Evan Bouchard.
6:12 of 2nd period - Morgan Geekie wins face-off versus Connor Dewar in Lowell Devils zone.
7:09 of 2nd period - Penalty to Vinni Lettieri is over, Vinni Lettieri is back on ice.
7:45 of 2nd period - Off-side.
7:46 of 2nd period - Morgan Geekie wins face-off versus Brandon Gignac in neutral zone.
8:00 of 2nd period - Snap shot by Jonah Gadjovich.
8:00 of 2nd period - Stopped by Igor Shesterkin with a rebound.
8:02 of 2nd period - Wrist shot by Jake Bischoff.
8:02 of 2nd period - Deflect By Gustav Forsling.
8:02 of 2nd period - Stopped by Igor Shesterkin without a rebound.
8:03 of 2nd period - Vinni Lettieri wins face-off versus Jack Hughes in Lowell Devils zone.
8:04 of 2nd period - Wrist shot by Eric Robinson.
8:04 of 2nd period - Shot Misses the Net.
8:28 of 2nd period - Vitaly Abramov is hit by Lane Pederson and loses puck.
8:39 of 2nd period - Snap shot by Cal O'Reilly.
8:39 of 2nd period - Shot Blocked by Lane Pederson.
8:51 of 2nd period - Snap shot by Vinni Lettieri.
8:51 of 2nd period - Stopped by Igor Shesterkin with a rebound.
8:53 of 2nd period - Slapshot by Jake Bischoff.
8:53 of 2nd period - Stopped by Igor Shesterkin with a rebound.
8:55 of 2nd period - Snap shot by Vinni Lettieri.
8:55 of 2nd period - Stopped by Igor Shesterkin without a rebound.
8:56 of 2nd period - Vinni Lettieri wins face-off versus Jack Hughes in Lowell Devils zone.
9:22 of 2nd period - Wrist shot by Lane Pederson.
9:22 of 2nd period - Shot Misses the Net.
9:27 of 2nd period - Off-side.
9:28 of 2nd period - Lane Pederson wins face-off versus Morgan Geekie in neutral zone.
9:35 of 2nd period - Slapshot by Tobias Bjornfot.
9:35 of 2nd period - Deflect By Morgan Geekie.
9:35 of 2nd period - Stopped by Igor Shesterkin with a rebound.
9:51 of 2nd period - Tobias Bjornfot is hit by Cal O'Reilly and loses puck.
9:58 of 2nd period - Snap shot by Lane Pederson.
9:58 of 2nd period - Stopped by Igor Shesterkin without a rebound.
9:59 of 2nd period - Vinni Lettieri wins face-off versus Jack Hughes in Lowell Devils zone.
10:06 of 2nd period - Slapshot by Eric Robinson.
10:06 of 2nd period - Stopped by Igor Shesterkin without a rebound.
10:07 of 2nd period - Vinni Lettieri wins face-off versus Jack Hughes in Lowell Devils zone.
10:32 of 2nd period - Morgan Geekie is hit by Tobias Bjornfot and loses puck.
11:07 of 2nd period - Minor Penalty to Vinni Lettieri for Hooking.
11:08 of 2nd period - Jack Hughes wins face-off versus Lane Pederson in Binghampton Senators zone.
11:19 of 2nd period - Slapshot by Jack Hughes.
11:19 of 2nd period - Shot Misses the Net.
12:13 of 2nd period - Snap shot by Kevin Porter.
12:13 of 2nd period - Shot Misses the Net.
13:07 of 2nd period - Penalty to Vinni Lettieri is over, Vinni Lettieri is back on ice.
13:17 of 2nd period - Justin Kirkland is hit by Rudolfs Balcers and loses puck.
13:44 of 2nd period - Snap shot by Matthew Phillips.
13:44 of 2nd period - Stopped by Cory Schneider without a rebound.
13:45 of 2nd period - Matthew Phillips wins face-off versus Vinni Lettieri in Binghampton Senators zone.
13:46 of 2nd period - Wrist shot by Cooper Marody.
13:46 of 2nd period - Stopped by Cory Schneider with a rebound.
13:56 of 2nd period - Evan Bouchard is hit by Eric Robinson.
14:07 of 2nd period - Tobias Bjornfot is hit by Grant Hutton and loses puck.
14:19 of 2nd period - Off-side.
14:20 of 2nd period - Jack Hughes wins face-off versus Lane Pederson in neutral zone.
14:35 of 2nd period - Slapshot by Brogan Rafferty.
14:35 of 2nd period - Shot Misses the Net.
14:47 of 2nd period - Beck Malenstyn is hit by Oliver Wahlstrom and loses puck.
14:56 of 2nd period - Oliver Wahlstrom is hit by Vinni Lettieri and loses puck.
15:09 of 2nd period - Roland McKeown is hit by Morgan Geekie and loses puck.
15:18 of 2nd period - Vitaly Abramov is hit by Jonah Gadjovich and loses puck.
15:41 of 2nd period - Snap shot by Cooper Marody.
15:41 of 2nd period - Stopped by Cory Schneider without a rebound.
15:42 of 2nd period - Matthew Phillips wins face-off versus Jansen Harkins in Binghampton Senators zone.
15:43 of 2nd period - Wrist shot by Cooper Marody.
15:43 of 2nd period - Shot Misses the Net.
15:45 of 2nd period - Snap shot by Matthew Phillips.
15:45 of 2nd period - Stopped by Cory Schneider with a rebound.
16:06 of 2nd period - Minor Penalty to Cooper Marody for Slashing.
16:07 of 2nd period - Vinni Lettieri wins face-off versus Jack Hughes in Lowell Devils zone.
16:17 of 2nd period - Slapshot by Tobias Bjornfot.
16:17 of 2nd period - Shot Blocked by Jack Hughes.
16:19 of 2nd period - Wrist shot by Kevin Porter.
16:19 of 2nd period - Shot Blocked by Brogan Rafferty.
16:21 of 2nd period - Snap shot by Kevin Porter.
16:21 of 2nd period - Stopped by Igor Shesterkin with a rebound.
16:23 of 2nd period - Wrist shot by Vinni Lettieri.
16:23 of 2nd period - Goal by Vinni Lettieri - Binghampton Senators : 3 - Lowell Devils : 3.
16:24 of 2nd period - Vinni Lettieri wins face-off versus Jack Hughes in neutral zone.
16:29 of 2nd period - Slapshot by Kevin Porter.
16:29 of 2nd period - Stopped by Igor Shesterkin without a rebound.
16:30 of 2nd period - Vinni Lettieri wins face-off versus Jack Hughes in Lowell Devils zone.
16:35 of 2nd period - Wrist shot by Kevin Porter.
16:35 of 2nd period - Shot Misses the Net.
17:01 of 2nd period - Lane Pederson is hit by Cal O'Reilly and loses puck.
18:09 of 2nd period - Roland McKeown is hit by Oliver Wahlstrom and loses puck.
18:26 of 2nd period - Wrist shot by Cal O'Reilly.
18:26 of 2nd period - Stopped by Cory Schneider with a rebound.
18:28 of 2nd period - Snap shot by Cal O'Reilly.
18:28 of 2nd period - Shot Misses the Net.
18:30 of 2nd period - Slapshot by Morgan Geekie.
18:30 of 2nd period - Goal by Morgan Geekie - Binghampton Senators : 3 - Lowell Devils : 4.
18:31 of 2nd period - Jack Hughes wins face-off versus Kevin Porter in neutral zone.
19:25 of 2nd period - Wrist shot by Cal O'Reilly.
19:25 of 2nd period - Stopped by Cory Schneider with a rebound.
19:39 of 2nd period - Off-side.
19:40 of 2nd period - Morgan Geekie wins face-off versus Vinni Lettieri in neutral zone.
19:50 of 2nd period - Minor Penalty to Wiley Sherman for Elbowing.
19:51 of 2nd period - Jack Hughes wins face-off versus Vinni Lettieri in Binghampton Senators zone.
19:51 of 2nd period - Slapshot by Carl Grundstrom.
19:51 of 2nd period - Stopped by Cory Schneider with a rebound.
19:53 of 2nd period - Slapshot by Gustav Forsling.
19:53 of 2nd period - Shot Blocked by Trevor Carrick.
19:55 of 2nd period - Slapshot by Brogan Rafferty.
19:55 of 2nd period - Stopped by Cory Schneider without a rebound.
19:56 of 2nd period - Jack Hughes wins face-off versus Vinni Lettieri in Binghampton Senators zone.
Goals for this period are 2 for Binghampton Senators vs 2 for Lowell Devils.
Shots for this period are 20 for Binghampton Senators vs 14 for Lowell Devils.

3rd period


0:01 of 3rd period - Jack Hughes wins face-off versus Vinni Lettieri in neutral zone.
0:26 of 3rd period - Wrist shot by Cal O'Reilly.
0:26 of 3rd period - Stopped by Cory Schneider with a rebound.
0:28 of 3rd period - Slapshot by Cal O'Reilly.
0:28 of 3rd period - Shot Misses the Net.
0:52 of 3rd period - Wrist shot by Vinni Lettieri.
0:52 of 3rd period - Stopped by Igor Shesterkin with a rebound.
0:54 of 3rd period - Slapshot by Jake Bischoff.
0:54 of 3rd period - Shot Misses the Net.
1:50 of 3rd period - Penalty to Wiley Sherman is over, Wiley Sherman is back on ice.
2:00 of 3rd period - Jack Hughes is hit by Roland McKeown and loses puck.
2:33 of 3rd period - Wrist shot by Jonah Gadjovich.
2:33 of 3rd period - Stopped by Igor Shesterkin without a rebound.
2:34 of 3rd period - Nikolay Prokhorkin wins face-off versus Lane Pederson in Lowell Devils zone.
2:42 of 3rd period - Backhand shot by Oliver Wahlstrom.
2:42 of 3rd period - Shot Misses the Net.
2:44 of 3rd period - Snap shot by Nikolay Prokhorkin.
2:44 of 3rd period - Shot Misses the Net.
2:46 of 3rd period - Slapshot by Evan Bouchard.
2:46 of 3rd period - Stopped by Cory Schneider with a rebound.
3:05 of 3rd period - Snap shot by Anthony Greco.
3:05 of 3rd period - Stopped by Igor Shesterkin with a rebound.
3:34 of 3rd period - Wrist shot by Vitaly Abramov.
3:34 of 3rd period - Stopped by Cory Schneider without a rebound.
3:35 of 3rd period - Jack Hughes wins face-off versus Vinni Lettieri in Binghampton Senators zone.
4:09 of 3rd period - Slapshot by Brogan Rafferty.
4:09 of 3rd period - Deflect By Connor Dewar.
4:09 of 3rd period - Stopped by Cory Schneider without a rebound.
4:10 of 3rd period - Brandon Gignac wins face-off versus Steven Fogarty in Binghampton Senators zone.
4:17 of 3rd period - Carl Grundstrom is hit by Roland McKeown and loses puck.
4:22 of 3rd period - Slapshot by Jonah Gadjovich.
4:22 of 3rd period - Shot Misses the Net.
4:24 of 3rd period - Snap shot by Connor Dewar.
4:24 of 3rd period - Stopped by Igor Shesterkin without a rebound.
4:25 of 3rd period - Vinni Lettieri wins face-off versus Morgan Geekie in Lowell Devils zone.
4:32 of 3rd period - Snap shot by Eric Robinson.
4:32 of 3rd period - Stopped by Igor Shesterkin with a rebound.
5:13 of 3rd period - Wrist shot by Jansen Harkins.
5:13 of 3rd period - Stopped by Igor Shesterkin with a rebound.
5:21 of 3rd period - Jake Bischoff is hit by Oliver Wahlstrom and loses puck.
5:38 of 3rd period - Wrist shot by Jonah Gadjovich.
5:38 of 3rd period - Shot Misses the Net.
6:04 of 3rd period - Snap shot by Morgan Geekie.
6:04 of 3rd period - Stopped by Cory Schneider without a rebound.
6:05 of 3rd period - Lane Pederson wins face-off versus Morgan Geekie in Binghampton Senators zone.
6:12 of 3rd period - Snap shot by Lane Pederson.
6:12 of 3rd period - Stopped by Igor Shesterkin without a rebound.
6:12 of 3rd period - Vitaly Abramov and Justin Kirkland fight to a draw.
6:12 of 3rd period - Penalty to Vitaly Abramov for Fighting.
6:12 of 3rd period - Penalty to Justin Kirkland for Fighting.
6:13 of 3rd period - Jack Hughes wins face-off versus Eric Robinson in Lowell Devils zone.
6:22 of 3rd period - Slapshot by Kevin Porter.
6:22 of 3rd period - Shot Misses the Net.
6:24 of 3rd period - Slapshot by Kevin Porter.
6:24 of 3rd period - Shot Misses the Net.
6:28 of 3rd period - Wrist shot by Eric Robinson.
6:28 of 3rd period - Stopped by Igor Shesterkin with a rebound.
8:20 of 3rd period - Steven Fogarty is hit by Connor Dewar and loses puck.
9:18 of 3rd period - Minor Penalty to Morgan Geekie for Roughing.
9:19 of 3rd period - Vinni Lettieri wins face-off versus Jack Hughes in Lowell Devils zone.
9:51 of 3rd period - Snap shot by Connor Dewar.
9:51 of 3rd period - Deflect By Lane Pederson.
9:51 of 3rd period - Shot Misses the Net.
9:51 of 3rd period - Puck is out of play.
9:52 of 3rd period - Vinni Lettieri wins face-off versus Jack Hughes in Lowell Devils zone.
10:05 of 3rd period - Wrist shot by Vinni Lettieri.
10:05 of 3rd period - Stopped by Igor Shesterkin without a rebound.
10:06 of 3rd period - Jack Hughes wins face-off versus Vinni Lettieri in Lowell Devils zone.
10:35 of 3rd period - Wrist shot by Connor Dewar.
10:35 of 3rd period - Goal by Connor Dewar - Binghampton Senators : 4 - Lowell Devils : 4.
10:36 of 3rd period - Morgan Geekie wins face-off versus Vinni Lettieri in neutral zone.
11:06 of 3rd period - Kevin Porter is hit by Gustav Forsling and loses puck.
11:39 of 3rd period - Wrist shot by Vinni Lettieri.
11:39 of 3rd period - Stopped by Igor Shesterkin with a rebound.
11:41 of 3rd period - Snap shot by Vinni Lettieri.
11:41 of 3rd period - Stopped by Igor Shesterkin with a rebound.
11:43 of 3rd period - Wrist shot by Vinni Lettieri.
11:43 of 3rd period - Shot Blocked by Evan Bouchard.
11:45 of 3rd period - Slapshot by Jake Bischoff.
11:45 of 3rd period - Shot Misses the Net.
11:47 of 3rd period - Slapshot by Jake Bischoff.
11:47 of 3rd period - Stopped by Igor Shesterkin without a rebound.
11:48 of 3rd period - Jack Hughes wins face-off versus Lane Pederson in Lowell Devils zone.
12:13 of 3rd period - Cal O'Reilly is hit by Brandon Gignac and loses puck.
12:40 of 3rd period - Minor Penalty to Gustav Forsling for Roughing.
12:41 of 3rd period - Lane Pederson wins face-off versus Jack Hughes in Lowell Devils zone.
14:24 of 3rd period - Rudolfs Balcers is hit by Eric Robinson and loses puck.
14:40 of 3rd period - Penalty to Gustav Forsling is over, Gustav Forsling is back on ice.
15:45 of 3rd period - Lane Pederson is hit by Jack Hughes.
15:51 of 3rd period - Jack Hughes is hit by Lane Pederson and loses puck.
16:12 of 3rd period - Jansen Harkins is hit by Kyle Capobianco and loses puck.
16:19 of 3rd period - Snap shot by Nikolay Prokhorkin.
16:19 of 3rd period - Shot Misses the Net.
17:06 of 3rd period - Snap shot by Matthew Phillips.
17:06 of 3rd period - Deflect By Cooper Marody.
17:06 of 3rd period - Stopped by Cory Schneider with a rebound.
17:42 of 3rd period - Dylan Coghlan is hit by Jack Hughes and loses puck.
18:10 of 3rd period - Trevor Carrick is hit by Oliver Wahlstrom.
18:22 of 3rd period - Rudolfs Balcers is hit by Eric Robinson and loses puck.
18:31 of 3rd period - Dylan Coghlan is hit by Oliver Wahlstrom and loses puck.
19:31 of 3rd period - Kevin Porter is hit by Grant Hutton and loses puck.
19:52 of 3rd period - Wiley Sherman is hit by Rudolfs Balcers and loses puck.
Goals for this period are 1 for Binghampton Senators vs 0 for Lowell Devils.
Shots for this period are 13 for Binghampton Senators vs 6 for Lowell Devils.

Overtime #1


0:01 of 1st overtime period - Jack Hughes wins face-off versus Vinni Lettieri in neutral zone.
0:42 of 1st overtime period - Wrist shot by Oliver Wahlstrom.
0:42 of 1st overtime period - Stopped by Cory Schneider with a rebound.
1:38 of 1st overtime period - Vinni Lettieri is hit by Nikolay Prokhorkin and loses puck.
2:12 of 1st overtime period - Oliver Wahlstrom is hit by Ben Jones and loses puck.
2:25 of 1st overtime period - Jake Bischoff is hit by Matthew Phillips and loses puck.
3:18 of 1st overtime period - Rudolfs Balcers is hit by Trevor Carrick.
3:24 of 1st overtime period - Jansen Harkins is hit by Matthew Phillips and loses puck.
3:41 of 1st overtime period - Lane Pederson is hit by Nikolay Prokhorkin and loses puck.
3:58 of 1st overtime period - Roland McKeown is hit by Oliver Wahlstrom and loses puck.
4:05 of 1st overtime period - Jack Hughes is hit by Roland McKeown and loses puck.
4:42 of 1st overtime period - Slapshot by Morgan Geekie.
4:42 of 1st overtime period - Shot Misses the Net.
Goals for this period are 0 for Binghampton Senators vs 0 for Lowell Devils.
Shots for this period are 0 for Binghampton Senators vs 1 for Lowell Devils.

ShootOut


5:00 of 1st overtime period - Round #1.
5:00 of 1st overtime period - Binghampton Senators, Vinni Lettieri.
5:00 of 1st overtime period - Snap shot by Vinni Lettieri.
5:00 of 1st overtime period - Stopped by Igor Shesterkin.
5:00 of 1st overtime period - Lowell Devils, Jack Hughes.
5:00 of 1st overtime period - Wrist shot by Jack Hughes.
5:00 of 1st overtime period - Stopped by Cory Schneider.
5:00 of 1st overtime period - Round #2.
5:00 of 1st overtime period - Binghampton Senators, Lane Pederson.
5:00 of 1st overtime period - Backhand shot by Lane Pederson.
5:00 of 1st overtime period - Stopped by Igor Shesterkin.
5:00 of 1st overtime period - Lowell Devils, Steven Fogarty.
5:00 of 1st overtime period - Backhand shot by Steven Fogarty.
5:00 of 1st overtime period - Stopped by Cory Schneider.
5:00 of 1st overtime period - Round #3.
5:00 of 1st overtime period - Binghampton Senators, Kevin Porter.
5:00 of 1st overtime period - Wrist shot by Kevin Porter.
5:00 of 1st overtime period - Stopped by Igor Shesterkin.
5:00 of 1st overtime period - Lowell Devils, Morgan Geekie.
5:00 of 1st overtime period - Deke by Morgan Geekie.
5:00 of 1st overtime period - Stopped by Cory Schneider.
5:00 of 1st overtime period - Round #4.
5:00 of 1st overtime period - Binghampton Senators, Eric Robinson.
5:00 of 1st overtime period - Deke by Eric Robinson.
5:00 of 1st overtime period - Shot Misses the Net.
5:00 of 1st overtime period - Lowell Devils, Nikolay Prokhorkin.
5:00 of 1st overtime period - Wrist shot by Nikolay Prokhorkin.
5:00 of 1st overtime period - Goal by Nikolay Prokhorkin.